 Dungeon Crawl Stone Soup version 0.30-a0-1157-g2cc9ac7196 (webtiles) character file.

Game seed: 11506838850678240010

637 retardedninja the Firebug (level 7, 0/51 HPs)
             Began as a Gnoll Fire Elementalist on Apr 24, 2023.
             Slain by a two-headed ogre
             ... wielding a +0 giant spiked club
              (12 damage)
             ... on level 5 of the Dungeon.
             The game lasted 00:05:26 (5013 turns).

retardedninja the Firebug (Gnoll Fire Elementalist) Turns: 5013, Time: 00:05:27

Health: 0/51       AC:  6    Str:  8    XL:     7   Next: 50%
Magic:  6/15       EV: 18    Int: 16    God:
Gold:   283        SH:  0    Dex: 12    Spells: 14/17 levels left

rFire   . . .        b - +1 falchion (holy)
rCold   . . .        (no shield)
rNeg    . . .        a - +0 robe
rPois   .            (no helmet)
rElec   .            (no cloak)
rCorr   .            (no gloves)
SInv    .            (no boots)
Will    .....        (no amulet)
Stlth   +++          j - +5 ring of evasion
HPRegen 0.28/turn    q - +4 ring of protection
MPRegen 0.14/turn

%: no passive effects
@: no status effects
A: fangs 1, strong nose, distributed training
a: no special abilities


You were on level 5 of the Dungeon.
You visited 1 branch of the dungeon, and saw 5 of its levels.

You collected 283 gold pieces.

Inventory:

Hand Weapons
 b - a +1 falchion of holy wrath (weapon)
 h - a +0 falchion
Armour
 a - a +0 robe (worn)
Jewellery
 j - a +5 ring of evasion (left hand)
 q - a +4 ring of protection (right hand)
Wands
 p - a wand of roots (6)
Scrolls
 c - a scroll of poison {unknown}
 f - 5 scrolls of identify {unknown}
 i - 2 scrolls of teleportation {unknown}
 m - a scroll of noise {unknown}
 o - a scroll of enchant armour {unknown}
 s - a scroll of fog {unknown}
Potions
 d - a potion of curing
 e - a potion of brilliance {unknown}
 g - a potion of heal wounds {unknown}
 k - 2 potions of attraction {unknown}
 n - 2 potions of flight {unknown}
 r - a potion of mutation {unknown}
 t - a potion of lignification {unknown}


   Skills:
 + Level 2.6 Fighting
 + Level 2.6 Short Blades
 + Level 2.6 Long Blades
 + Level 2.6 Axes
 + Level 2.6 Maces & Flails
 + Level 2.6 Polearms
 + Level 2.6 Staves
 + Level 2.6 Ranged Weapons
 + Level 2.6 Throwing
 + Level 2.6 Armour
 + Level 5.3 Dodging
 + Level 5.0 Stealth
 + Level 2.6 Shields
 + Level 2.6 Unarmed Combat
 + Level 5.7 Spellcasting
 + Level 3.1 Conjurations
 + Level 2.1 Hexes
 + Level 2.1 Summonings
 + Level 2.1 Necromancy
 + Level 2.1 Translocations
 + Level 2.1 Transmutations
 + Level 5.9 Fire Magic
 + Level 2.1 Ice Magic
 + Level 2.1 Air Magic
 + Level 2.1 Earth Magic
 + Level 2.1 Poison Magic
 + Level 2.9 Invocations
 + Level 2.6 Evocations


You had 14 spell levels left.
You knew the following spells:

 Your Spells              Type           Power      Damage    Failure   Level
a - Foxfire               Conj/Fire      76%        2x1d7     2%          1
b - Scorch                Fire           46%        2d6       1%          2

Your spell library contained the following spells:

 Spells                   Type           Power      Damage    Failure   Level
 Summon Small Mammal      Summ           44%        N/A       6%          1
 Inner Flame              Hex/Fire       17%        N/A       9%          3
 Volatile Blastmotes      Fire/Tloc      34%        2d12      9%          3
 Call Canine Familiar     Summ           11%        N/A       17%         3
 Summon Guardian Golem    Hex/Summ       11%        N/A       17%         3
 Flame Wave               Conj/Fire      19%        2d7       22%         4
 Fulminant Prism          Conj/Hex       6%         3d7       43%         4
 Iskenderun's Mystic Bla  Conj/Tloc      12%        2d5       43%         4
 Lee's Rapid Deconstruct  Erth           5%         3d6*      85%         5


Dungeon Overview and Level Annotations

Branches:
Dungeon (5/15)
 Temple: D:4-7

Altars:
Gozag
Kikubaaqudgha
Okawaru
Qazlal
Yredelemnul


Innate Abilities, Weirdness & Mutations

You have very sharp teeth.
Your uncanny sense of smell can sniff out nearby items.
Your experience applies equally to all skills.


Message History

The two-headed ogre is lightly wounded.
The foxfire hits the two-headed ogre.
The two-headed ogre is lightly wounded.
The foxfire hits the two-headed ogre.
The two-headed ogre is lightly wounded.
The foxfire hits the two-headed ogre but does no damage.
The two-headed ogre is lightly wounded.
You conjure some foxfire!
The foxfire hits the two-headed ogre.
The two-headed ogre is lightly wounded.
The foxfire hits the two-headed ogre.
The two-headed ogre is moderately wounded.
You conjure some foxfire!
The foxfire hits the two-headed ogre.
The two-headed ogre is moderately wounded.
The foxfire hits the two-headed ogre.
The two-headed ogre is moderately wounded.
Casting: Foxfire (safe; 2% risk of failure)
Confirm with . or Enter, or press ? or * to list all spells.
Flames lash the two-headed ogre.
The two-headed ogre is heavily wounded.
The two-headed ogre's fire resistance burns away.
The two-headed ogre hits you with a +0 giant spiked club!
The two-headed ogre misses you.
Casting: Scorch (safe; 1% risk of failure)
Confirm with . or Enter, or press ? or * to list all spells.
Flames lash the two-headed ogre.
The two-headed ogre is burned terribly!
The two-headed ogre is heavily wounded.
The two-headed ogre closely misses you.
The two-headed ogre hits you with a +0 dire flail!!
Unknown command.
It was a potion of curing.
You feel better.
Casting: Scorch (safe; 1% risk of failure)
Confirm with . or Enter, or press ? or * to list all spells.
Flames lash the two-headed ogre.
The two-headed ogre is burned terribly!
The two-headed ogre is severely wounded.
The two-headed ogre hits you with a +0 giant spiked club!!
* * * LOW HITPOINT WARNING * * *
The two-headed ogre hits you with a +0 dire flail!
You die...

.......#########
...............#
............#..#
#....#######†..##
##..## ##......##
##.# #........# #.#
#.........## ###.#
#...........#
##.###..........@.#
.#.# ...........O.#
.#.#
..............#
...# .............#
#.## ............#
#.# ...........#
#.# ..........#
..## ##........#
#..##


You could see a two-headed ogre (combustible).

Vanquished Creatures
  Eustachio (D:5)
  An ogre (D:5)
  A phantom (D:5)
  4 hounds
  2 iguanas
  2 orc wizards
  4 adders
  2 worms
  4 dart slugs
  9 orcs
  12 ball pythons
  3 bats
  5 endoplasms
  3 giant cockroaches
  5 goblins
  3 hobgoblins
  A quokka (D:1)
  2 frilled lizards (D:1)
  5 kobolds
  4 rats
73 creatures vanquished.

Vanquished Creatures (others)
  326 foxfires
326 creatures vanquished.

Grand Total: 399 creatures vanquished

Notes
Turn   | Place    | Note
-------+----------+-------------------------------------------
     0 | D:1      | retardedninja the Gnoll Fire Elementalist began the quest
                  | for the Orb.
     0 | D:1      | Reached XP level 1. HP: 13/13 MP: 6/6
   253 | D:1      | Reached XP level 2. HP: 20/20 MP: 4/7
  1116 | D:1      | Found a faded altar of an unknown god.
  1189 | D:2      | Reached skill level 5 in Spellcasting
  1189 | D:2      | Reached XP level 3. HP: 25/25 MP: 4/9
  1371 | D:2      | Learned a level 2 spell: Scorch
  1427 | D:2      | Reached skill level 1 in Invocations
  1638 | D:2      | Reached skill level 1 in Fighting
  1638 | D:2      | Reached skill level 1 in Short Blades
  1638 | D:2      | Reached skill level 1 in Long Blades
  1638 | D:2      | Reached skill level 1 in Axes
  1638 | D:2      | Reached skill level 1 in Maces & Flails
  1638 | D:2      | Reached skill level 1 in Polearms
  1638 | D:2      | Reached skill level 1 in Staves
  1638 | D:2      | Reached skill level 1 in Ranged Weapons
  1638 | D:2      | Reached skill level 1 in Throwing
  1638 | D:2      | Reached skill level 1 in Armour
  1638 | D:2      | Reached skill level 1 in Shields
  1638 | D:2      | Reached skill level 1 in Unarmed Combat
  1638 | D:2      | Reached skill level 1 in Evocations
  2261 | D:3      | Reached XP level 4. HP: 32/32 MP: 9/11
  2267 | D:3      | Reached skill level 1 in Hexes
  2267 | D:3      | Reached skill level 1 in Summonings
  2267 | D:3      | Reached skill level 1 in Necromancy
  2267 | D:3      | Reached skill level 1 in Translocations
  2267 | D:3      | Reached skill level 1 in Transmutations
  2267 | D:3      | Reached skill level 1 in Ice Magic
  2267 | D:3      | Reached skill level 1 in Air Magic
  2267 | D:3      | Reached skill level 1 in Earth Magic
  2267 | D:3      | Reached skill level 1 in Poison Magic
  2893 | D:4      | Reached XP level 5. HP: 13/37 MP: 8/12
  3647 | D:4      | Found a basalt altar of Yredelemnul.
  3851 | D:5      | Entered Level 5 of the Dungeon
  3922 | D:5      | Noticed an ogre
  3929 | D:5      | Killed an ogre
  3930 | D:5      | Reached skill level 5 in Dodging
  3930 | D:5      | Reached XP level 6. HP: 44/44 MP: 9/14
  3979 | D:5      | Found a faded altar of an unknown god.
  3979 | D:5      | Found an opulent altar of Gozag.
  3986 | D:5      | Found an iron altar of Okawaru.
  3988 | D:5      | Found a stormy altar of Qazlal.
  3990 | D:5      | Found an ancient bone altar of Kikubaaqudgha.
  4391 | D:5      | Reached XP level 7. HP: 50/50 MP: 11/15
  4556 | D:5      | Noticed Eustachio
  4567 | D:5      | Killed Eustachio
  4645 | D:5      | Reached skill level 5 in Stealth
  5002 | D:5      | Noticed a two-headed ogre
  5013 | D:5      | Slain by a two-headed ogre

Illustrated notes

Levels and vault maps discovered:
D:1:      dpeg_arrival_snail, layout_basic, chequers_ecumenical_altar_twisty
D:2:      layout_basic
D:3:      layout_loops_ring
D:4:      layout_loops_cross, mainiacjoe_overflow_brackets
D:5:      layout_cave_pods, chequers_temple_overflow_minitemple,
          grunt_decor_junction, uniq_eustachio

Skill      XL: |  1  2  3  4  5  6  7 |
---------------+----------------------+-----
Conjurations   | 2 3 |  3.1
Spellcasting   | 5 |  5.7
Invocations    | 1 2 |  2.9
Fighting       | 1 2 |  2.6
Short Blades   | 1 2 |  2.6
Long Blades    | 1 2 |  2.6
Axes           | 1 2 |  2.6
Maces & Flails | 1 2 |  2.6
Polearms       | 1 2 |  2.6
Staves         | 1 2 |  2.6
Ranged Weapons | 1 2 |  2.6
Throwing       | 1 2 |  2.6
Armour         | 1 2 |  2.6
Shields        | 1 2 |  2.6
Unarmed Combat | 1 2 |  2.6
Evocations     | 1 2 |  2.6
Hexes          | 1 2 |  2.1
Summonings     | 1 2 |  2.1
Necromancy     | 1 2 |  2.1
Translocations | 1 2 |  2.1
Transmutations | 1 2 |  2.1
Ice Magic      | 1 2 |  2.1
Air Magic      | 1 2 |  2.1
Earth Magic    | 1 2 |  2.1
Poison Magic   | 1 2 |  2.1
Dodging        | 5 |  5.3
Stealth        | 5 |  5.0
Fire Magic     | |  5.9

Action                     |  1- 3 |  4- 6 |  7- 9 || total
---------------------------+-------+-------+-------++-------
  Melee: Falchion          |       |       |     1 ||     1
   Cast: Foxfire           |   105 |    86 |    23 ||   214
         Scorch            |     1 |    12 |     8 ||    21
  Evoke: Wand              |       |     2 |       ||     2
    Use: Potion            |       |     1 |     1 ||     2
 Armour: Robe              |     3 |     4 |     4 ||    11
  Dodge: Dodged            |    16 |    24 |    25 ||    65

Table legend: (Time is in decaauts)
 A = Elapsed time spent in this place.
 B = Non-inter-level travel time spent in this place.
 C = Inter-level travel time spent in this place.
 D = Time resting spent in this place.
 E = Time spent auto-exploring this place.
 F = Levels seen in this place.
 G = Mean time per level.
                   A        B        C        D        E       F      G
               +--------+--------+--------+--------+--------+-----+--------+
         Total |   5010 |   4895 |    115 |      0 |   4229 |   5 | 1002.0 |
       Dungeon |   5010 |   4895 |    115 |      0 |   4229 |   5 | 1002.0 |
               +--------+--------+--------+--------+--------+-----+--------+

Top non-repeatable levels by time:
     D:5: 1160 daAuts
     D:1: 1145 daAuts
     D:4: 1102 daAuts
     D:3: 881 daAuts
     D:2: 720 daAuts
